Map: Rhoskallian LE

Players

JaGan

  • Race: Terran Terran
  • Spawn Location: 11:00

deaconfrost

  • Race: Zerg Zerg
  • League: Diamond
  • Spawn Location: 12:00

Massa - Winner!

  • Race: Terran Terran
  • League: Platinum
  • Spawn Location: 6:00

qqq - Winner!

  • Race: Protoss Protoss
  • League: Platinum
  • Spawn Location: 5:00

VOD

Have the link to the VOD?

Description

Time

  • Played on: Dec. 26, 2020, 5:13 a.m.
  • Length: 10:21
Show
View Real Time Build Order
Export as new Build Order

JaGan Terran 

Build Orders:  

Get SALT Encoding   

  12  0:01  SCV  
  13  0:13  SCV  
  14  0:28  Supply Depot  
  14  0:29  SCV  
  14  0:32  Refinery  
  15  0:49  SCV  
  16  0:51  Barracks  
  16  1:02  SCV  
  17  1:12  Refinery  
  17  1:38  Marine  
  18  1:56  Marine  
  19  2:13  Marine  
  20  2:25  Factory  
  20  2:31  Marine  
  20  2:32  Orbital Command  
  21  2:49  Marine  
  22  2:54  Supply Depot  
  22  3:10  Starport  
  22  3:20  SCV  
  22  3:24  Starport  
  23  3:31  Widow Mine  
  25  3:38  Supply Depot  
  25  3:41  SCV  
  26  3:53  SCV  
  27  4:16  Command Center  
  27  4:20  SCV  
  28  4:32  SCV  
  28  4:36  Refinery  
  29  4:44  SCV  
  30  4:56  SCV  
  30  4:57  Fusion Core  
  30  4:58  Starport Tech Lab x2  
  31  5:05  Supply Depot  
  31  5:08  SCV  
  31  5:11  Supply Depot  
  32  5:20  SCV  
  33  5:31  Orbital Command  
  33  5:32  SCV  
  34  5:44  SCV  
  34  5:47  Weapon Refit  
  35  5:55  Refinery  
  35  5:56  SCV  
  36  6:07  Widow Mine  
  36  6:09  SCV  
  39  6:23  Engineering Bay  
  39  6:29  Widow Mine  
  41  6:41  SCV x2  
  41  6:44  Battlecruiser  
  49  6:48  Battlecruiser  
  55  6:58  SCV x2  
  57  7:19  SCV x2  
  57  7:39  SCV x2  
  59  7:47  Missile Turret x2  
  59  7:49  Missile Turret, Battlecruiser  
  70  8:05  Battlecruiser  
  58  8:35  SCV x2  
  60  8:47  SCV  
  60  8:48  SCV  
  62  8:54  Command Center  
  62  9:01  Missile Turret  
  62  9:04  Missile Turret  
  62  9:09  SCV, Armory  
  63  9:10  Missile Turret  
  63  9:11  SCV, Armory  
  70  9:34  Missile Turret  
  70  9:49  Starport Reactor  
  70  9:52  Starport Reactor  
  64  9:57  Supply Depot  
  64  9:58  Supply Depot  
Show
View Real Time Build Order
Export as new Build Order

deaconfrost Zerg 

Build Orders: Hatch First 

Get SALT Encoding   

  12  0:01  Drone  
  13  0:16  Overlord  
  13  0:23  Drone  
  14  0:35  Drone x2  
  16  0:51  Hatchery  
  15  0:57  Drone  
  15  0:58  Drone  
  17  1:08  Drone  
  18  1:17  Drone  
  19  1:30  Drone  
  19  1:31  Spawning Pool  
  18  1:48  Drone  
  18  1:49  Drone  
  20  2:01  Drone  
  21  2:13  Drone x2  
  23  2:18  Drone  
  23  2:19  Drone  
  23  2:20  Extractor, Queen  
  26  2:31  Queen  
  26  2:32  Extractor  
  26  2:33  Drone  
  26  2:35  Overlord  
  28  2:48  Overlord  
  28  2:49  Overlord  
  28  2:55  Drone x2  
  30  3:04  Drone x2  
  32  3:08  Drone  
  32  3:11  Drone  
  34  3:17  Extractor, Lair  
  33  3:22  Extractor, Drone x2  
  34  3:39  Drone x3  
  34  3:40  Drone  
  38  3:50  Overlord x2  
  38  4:09  Zergling x8  
  42  4:11  Hatchery  
  42  4:14  Overlord  
  41  4:18  Overseer  
  41  4:22  Drone  
  41  4:23  Drone  
  43  4:25  Spore Crawler  
  43  4:30  Spore Crawler  
  41  4:32  Drone  
  42  4:41  Metabolic Boost  
  42  4:44  Overseer  
  42  4:53  Drone x5  
  42  4:55  Drone  
  42  4:59  Drone  
  49  5:05  Hydralisk Den  
  49  5:06  Drone  
  49  5:07  Drone  
  50  5:10  Drone  
  50  5:12  Drone  
  52  5:17  Drone x2  
  52  5:18  Drone  
  55  5:23  Overlord  
  55  5:34  Queen  
  55  5:35  Overlord  
  57  5:43  Muscular Augments  
  57  5:45  Lurker Den  
  55  5:58  Drone x3  
  55  5:59  Drone x5  
  55  6:02  Extractor  
  55  6:03  Extractor  
  61  6:08  Drone  
  61  6:10  Evolution Chamber  
  61  6:11  Evolution Chamber  
  60  6:17  Drone x3  
  60  6:18  Drone x3  
  61  6:26  Drone  
  61  6:27  Drone x4  
  63  6:39  Drone x5  
  65  6:49  Hydralisk  
  65  6:54  Grooved Spines  
  63  7:01  Drone x4  
  63  7:08  Drone  
  63  7:17  Spore Crawler  
  63  7:20  Hydralisk  
  48  7:36  Drone x4  
  45  7:47  Drone x4  
  45  7:48  Drone x4  
  45  7:49  Drone  
  54  7:55  Spore Crawler  
  53  7:59  Drone x2  
  55  8:11  Hydralisk, Spore Crawler  
  55  8:12  Hydralisk  
  58  8:19  Overlord x3  
  58  8:33  Spine Crawler  
  57  8:38  Hydralisk  
  57  8:39  Hydralisk x2  
  63  8:42  Queen  
  65  8:58  Hydralisk x2  
  69  9:06  Hydralisk x2  
  73  9:10  Drone x2  
  73  9:14  Drone x2  
  77  9:18  Drone x2  
  77  9:19  Drone  
  80  9:25  Drone x2  
  82  9:33  Overlord x2  
  82  9:38  Overlord  
  82  9:44  Overlord  
  81  9:49  Spore Crawler  
  81  9:51  Overlord x2  
  82  9:54  Lurker x3  
  82  9:56  Hydralisk  
  82  9:58  Drone  
  88  10:01  Drone x2  
Show
View Real Time Build Order
Export as new Build Order

Massa Terran - Winner!

Build Orders: Reaper Expand 

Get SALT Encoding   

  12  0:00  SCV  
  13  0:12  SCV  
  14  0:20  Supply Depot  
  14  0:24  SCV  
  15  0:42  SCV  
  16  0:43  Barracks  
  16  0:54  SCV  
  17  1:03  Refinery  
  17  1:06  SCV  
  18  1:18  SCV  
  19  1:30  Command Center  
  19  1:33  Supply Depot  
  20  1:42  Orbital Command  
  19  1:54  Reaper  
  20  2:12  SCV  
  21  2:30  Command Center  
  21  2:31  SCV  
  22  2:43  SCV  
  23  2:45  Refinery  
  23  2:54  Orbital Command, Factory  
  23  2:55  Supply Depot  
  23  2:56  SCV  
  24  3:05  Engineering Bay  
  24  3:09  SCV  
  25  3:19  Barracks Tech Lab  
  25  3:21  SCV x2  
  27  3:33  SCV x2  
  29  3:39  Starport  
  29  3:41  Factory Reactor  
  29  3:45  SCV x2  
  29  3:46  SCV  
  32  3:49  Missile Turret  
  32  3:53  Missile Turret  
  32  3:56  Terran Infantry Weapons Level 1  
  32  3:57  SCV  
  32  3:58  SCV  
  32  4:00  SCV  
  35  4:08  Marine  
  36  4:10  Stimpack  
  36  4:14  Barracks  
  36  4:27  Liberator  
  39  4:31  Refinery  
  39  4:34  Refinery, SCV x3  
  39  4:38  Barracks  
  42  4:44  Barracks  
  42  4:47  Barracks  
  42  4:54  Liberator  
  45  5:00  SCV  
  45  5:01  SCV x2  
  45  5:06  Factory Tech Lab  
  48  5:09  Marine  
  48  5:13  SCV x3  
  52  5:16  Liberator  
  55  5:25  SCV x3  
  55  5:27  Marine  
  59  5:39  Missile Turret  
  59  5:42  Medivac  
  61  5:50  Barracks Reactor, Barracks Tech Lab  
  61  5:51  Marauder, Marine x2  
  61  5:54  Siege Tank  
  68  6:09  Marine  
  69  6:43  Supply Depot x2  
  69  6:44  Supply Depot x3  
  69  6:45  SCV x2, Marine, Supply Depot  
  69  7:04  SCV x2, Marauder, Marine  
  69  7:07  SCV  
  75  7:09  Marauder, Marine x3, Supply Depot  
  75  7:11  Supply Depot  
  80  7:16  SCV x2  
  80  7:22  Marine  
  83  7:25  Marine  
  84  7:30  Marauder  
  83  7:40  Marine x2  
  83  7:41  Marine x2  
  83  7:44  Marauder  
  89  7:51  Marauder  
  89  7:58  Marine x2, Missile Turret  
  91  7:59  Marine x2, Missile Turret  
  91  8:01  Concussive Shells, Missile Turret, Combat Shield  
  91  8:02  Missile Turret  
  91  8:05  Marauder  
  94  8:09  Armory  
  94  8:10  Engineering Bay  
  94  8:12  Terran Infantry Armor Level 1  
  94  8:13  Marauder  
  94  8:16  Marine x2  
  94  8:17  Marine x2  
  99  8:24  Missile Turret  
  99  8:26  Marauder  
  97  8:34  Marauder  
  97  8:44  Missile Turret  
  97  8:48  Marauder  
  99  8:51  Missile Turret  
  99  8:57  Armory  
  99  8:59  Marauder  
  99  9:02  SCV  
  102  9:03  SCV  
  102  9:09  Marauder  
  105  9:14  SCV, Medivac x2  
  105  9:15  SCV  
  105  9:16  Missile Turret  
  111  9:17  Barracks Tech Lab  
  111  9:18  Missile Turret  
  111  9:19  Barracks Tech Lab, Missile Turret  
  111  9:20  Marauder, Marine, Missile Turret  
  114  9:26  SCV  
  114  9:27  SCV  
  114  9:31  Marauder  
  118  9:35  Planetary Fortress  
  118  9:38  SCV  
  118  9:41  Refinery  
  118  9:42  Marauder  
  118  9:43  Refinery  
  118  9:44  Medivac x2  
  125  9:52  Marauder, Command Center  
Show
View Real Time Build Order
Export as new Build Order

qqq Protoss - Winner!

Build Orders:  

Get SALT Encoding   

  12  0:00  Probe  
  13  0:18  Pylon  
  13  0:19  Probe  
  14  0:39  Forge  
  14  0:55  Pylon  
  14  1:02  Probe  
  15  1:14  Probe  
  15  1:15  Photon Cannon  
  16  1:31  Pylon  
  16  1:38  Pylon  
  16  1:41  Pylon  
  16  1:54  Photon Cannon  
  16  2:01  Photon Cannon  
  15  2:04  Pylon  
  14  2:18  Probe  
  15  2:32  Nexus  
  15  2:40  Photon Cannon  
  15  2:51  Probe  
  16  3:00  Gateway  
  16  3:01  Pylon  
  16  3:07  Probe  
  17  3:14  Assimilator  
  17  3:19  Probe  
  18  3:20  Assimilator  
  18  3:30  Pylon  
  18  3:31  Probe (Chrono Boost)  
  20  3:42  Probe (Chrono Boost)  
  20  3:46  Probe x2 (Chrono Boost)  
  22  3:55  Cybernetics Core  
  22  3:57  Probe (Chrono Boost)  
  22  4:01  Probe (Chrono Boost)  
  24  4:08  Probe (Chrono Boost)  
  26  4:11  Probe (Chrono Boost)  
  26  4:15  Probe (Chrono Boost)  
  26  4:16  Probe (Chrono Boost)  
  27  4:24  Probe (Chrono Boost)  
  29  4:26  Probe (Chrono Boost)  
  30  4:36  Probe (Chrono Boost)  
  30  4:38  Probe (Chrono Boost)  
  32  4:41  Stargate  
  32  4:43  Probe (Chrono Boost)  
  33  4:46  Stargate  
  33  4:48  Probe  
  33  4:50  Probe  
  35  4:54  Assimilator  
  35  4:58  Assimilator  
  35  5:00  Probe  
  35  5:02  Probe  
  37  5:12  Probe  
  38  5:14  Probe  
  38  5:17  Protoss Air Weapons Level 1 (Chrono Boost)  
  39  5:25  Probe  
  39  5:26  Probe  
  41  5:33  Zealot  
  41  5:34  Phoenix  
  45  5:36  Phoenix  
  45  5:37  Probe  
  45  5:38  Probe  
  49  5:49  Probe  
  50  5:57  Robotics Facility  
  50  5:59  Phoenix  
  50  6:00  Phoenix  
  50  6:01  Pylon  
  54  6:35  Phoenix  
  54  6:39  Nexus  
  56  6:43  Pylon  
  56  6:44  Phoenix  
  56  6:46  Pylon  
  58  6:47  Fleet Beacon  
  58  7:14  Phoenix  
  58  7:15  Phoenix  
  60  7:39  Phoenix  
  60  7:40  Phoenix  
  64  7:53  Photon Cannon  
  64  7:56  Photon Cannon  
  64  8:04  Carrier  
  64  8:05  Tempest  
  75  8:06  Pylon  
  75  8:09  Pylon  
  75  8:12  Pylon  
  75  8:15  Photon Cannon  
  75  8:17  Shield Battery  
  75  8:22  Photon Cannon  
  71  8:43  Observer  
  71  8:48  Carrier, Assimilator  
  78  8:52  Assimilator  
  78  8:55  Photon Cannon  
  78  9:04  Observer  
  78  9:05  Nexus  
  78  9:08  Tempest, Anion Pulse-Crystals, Pylon  
  84  9:11  Pylon  
  84  9:12  Probe (Chrono Boost)  
  86  9:24  Probe (Chrono Boost)  
  86  9:32  Probe (Chrono Boost)  
  87  9:38  Probe  
  88  9:50  Probe  
  100  10:01  Stargate  
  100  10:02  Probe  
  100  10:05  Photon Cannon  
  101  10:08  Pylon  
Tags
 
Add a new tag
Caveats
  • Supply blocks, unpowered buildings, or Contaminate may cause inaccurate times.
  • Supply counts are checked every 10 seconds.